Map: Rifts to Korhal

Players

Yuriprime

  • Race: Zerg Zerg
  • Spawn Location: 7:00

LilArrin

  • Race: Terran Terran
  • Spawn Location: 7:00

VOD

Have the link to the VOD?

Description

Time

  • Played on: Jan. 13, 2018, 2:11 a.m.
  • Length: 12:24
Show
View Real Time Build Order
Export as new Build Order

Yuriprime Zerg 

Build Orders:  

Get SALT Encoding   

  12  0:03  Drone  
  13  0:18  Overlord  
  13  0:25  Drone  
  14  0:43  Drone x3  
  17  1:07  Roach Warren  
  16  1:31  Extractor  
  16  1:35  Roach  
  16  1:36  Roach x2  
  16  1:39  Extractor  
  20  2:04  Overlord  
  20  2:06  Drone x2  
  22  2:24  Roach  
  22  2:31  Lair  
  22  2:34  Drone  
  23  2:46  Brutalisk  
  23  2:50  Drone  
  23  2:51  Drone  
  23  2:56  Drone  
  26  3:43  Roach  
  26  4:05  Brutalisk, Drone x4  
  26  4:08  Spire  
  29  4:13  Overlord x2  
  29  4:14  Drone  
  30  4:41  Roach  
  30  5:03  Brutalisk  
  30  5:07  Mutalisk  
  30  5:08  Mutalisk x2  
  36  5:10  Overlord x3  
  36  6:09  Glial Reconstitution  
  38  6:10  Drone x6  
  36  6:11  Drone x3  
  36  6:12  Mutalisk  
  36  6:13  Infestation Pit, Mutalisk  
  44  6:31  Mutalisk  
  44  6:40  Leviathan  
  44  6:41  Leviathan  
  44  6:59  Leviathan  
  44  7:44  Mutalisk  
  44  7:45  Mutalisk x4  
  44  7:49  Roach  
  56  7:50  Roach  
  56  7:51  Roach x2  
  62  8:23  Mutalisk  
  62  8:24  Overlord x2, Roach  
  66  8:50  Mutalisk  
  66  8:51  Roach x2  
  72  9:27  Roach, Mutalisk  
  76  10:21  Roach x3  
  76  10:22  Roach x2  
Show
View Real Time Build Order
Export as new Build Order

LilArrin Terran 

Build Orders:  

Get SALT Encoding   

  12  0:03  SCV  
  13  0:20  SCV  
  14  0:33  Supply Depot  
  14  0:37  SCV  
  15  0:53  Barracks  
  15  0:54  SCV  
  16  1:11  SCV  
  17  1:24  Marine  
  17  1:28  Orbital Command  
  18  2:01  Command Center  
  18  2:07  SCV  
  19  2:24  SCV  
  20  2:41  SCV  
  21  2:51  Command Center  
  21  2:58  SCV  
  22  3:00  Refinery  
  22  3:03  Refinery  
  22  3:14  Supply Depot  
  22  3:15  SCV  
  23  3:25  Barracks  
  23  3:32  SCV  
  24  3:43  Orbital Command  
  24  3:49  SCV, Barracks Tech Lab  
  25  4:01  Barracks Reactor, Combat Shields  
  25  4:06  Orbital Command, SCV  
  26  4:20  Barracks  
  26  4:33  Orbital Command  
  26  4:55  Barracks Reactor  
  26  4:56  Engineering Bay  
  26  4:59  SCV  
  27  5:01  SCV  
  28  5:17  SCV  
  28  5:19  Medic, Marine x2  
  33  5:38  Marine x2  
  33  5:39  Marine  
  33  5:44  SCV  
  33  5:45  Terran Infantry Weapons Level 1  
  33  5:48  Marine, SCV  
  33  5:49  Medic, Supply Depot  
  38  5:54  Marine  
  42  6:00  Marine x2  
  42  6:05  Marine x2  
  46  6:13  SCV  
  46  6:15  SCV  
  48  6:20  SCV  
  48  6:21  Marine  
  50  6:32  Stabilizer Medpacks  
  50  6:33  Marine, SCV  
  50  6:38  SCV  
  53  6:41  Marine, SCV  
  53  6:45  Medic  
  53  6:48  Marine  
  53  6:49  Marine  
  57  6:53  Marine  
  57  6:54  Marine  
  61  7:03  Supply Depot  
  61  7:05  Marine  
  61  7:08  Marine  
  62  7:18  Barracks  
  63  7:22  Marine x2  
  63  7:24  Medic, Marine x2  
  69  7:32  Concussive Shells, Marine x2  
  69  7:35  Medic  
  69  7:36  Marine  
  74  7:51  Marine  
  74  7:52  Marine x2  
  74  7:53  Barracks Tech Lab  
  77  8:08  Supply Depot  
  77  8:09  Medic, Marine x4  
  77  8:12  Supply Depot  
  77  8:15  Supply Depot  
  77  8:16  Marine  
  77  8:19  Medic, Marine  
  84  8:24  Marine  
  84  8:25  Terran Infantry Armor Level 1  
  84  8:26  Medic  
  84  8:29  Medic  
  87  8:33  Marine x2  
  87  8:36  Medic  
  87  8:37  Marine x2  
  87  8:39  Medic  
  93  8:46  Supply Depot  
  93  8:47  Marauder, Marine x2  
  93  8:48  Supply Depot  
  99  8:54  Medic  
  99  8:57  Marine  
  103  9:00  Marine  
  103  9:01  Marine x2  
  103  9:07  SCV  
  103  9:08  SCV  
  109  9:11  Supply Depot  
  109  9:12  Medic, Marine  
  109  9:13  Marauder, Marine  
  109  9:16  Marine  
  109  9:18  Marine  
  116  9:22  Marine  
  116  9:24  Marine  
  116  9:25  SCV  
  116  9:26  Medic  
  122  9:33  Marine  
  122  9:34  Marine  
  122  9:37  Marine  
  125  9:59  Marine x6, Supply Depot  
  125  10:02  Supply Depot  
  125  10:05  Supply Depot  
  125  10:06  Supply Depot  
  125  10:09  Medic x2  
  131  10:10  Marine x2  
  131  10:18  Marine x2  
  132  10:20  Marauder x2, Marine  
  132  10:21  Marine  
  132  10:28  Marine x2  
  134  10:31  Marine  
  134  10:32  Medic, Marine  
  134  10:33  Marauder  
  134  10:38  Marine  
  141  10:41  Marine  
  141  10:48  Marine x2  
  141  10:49  Marauder  
  134  10:52  Marine x2  
  134  10:53  Marauder  
  134  10:58  Marine x2  
  139  11:01  Marine  
  139  11:02  Marine x2  
  139  11:05  Marine  
  139  11:08  Marine  
  145  11:14  Medic, Marine x2  
  150  11:20  Marine x2  
  150  11:24  Marine x2  
  150  11:26  Marine x2  
  156  11:33  Marine  
Tags
 
Add a new tag
Caveats
  • Supply blocks, unpowered buildings, or Contaminate may cause inaccurate times.
  • Supply counts are checked every 10 seconds.